 Dungeon Crawl Stone Soup version 0.18-b1-10-g3f7de93 (webtiles) character file.

10185 SkaryMonk the Covert (level 11, -2/64 HPs)
             Began as an Octopode Assassin on Apr 29, 2016.
             Was a Priest of Dithmenos.
             Slain by an ettin
             ... wielding a +0 dire flail
              (5 damage)
             ... on level 1 of the Orcish Mines.
             The game lasted 02:28:37 (13467 turns).

SkaryMonk the Covert (Octopode Assassin)           Turns: 13467, Time: 02:28:38

Health: -2/64      AC:  1    Str: 10    XL:     11   Next: 58%
Magic:  0/14       EV: 19    Int: 15    God:    Dithmenos [***...]
Gold:   444        SH:  6    Dex: 16    Spells: 0 memorised, 10 levels left

rFire  . . .     SeeInvis .     b - +0 blowgun
rCold  . . .     Gourm    .     K - +1 buckler
rNeg   + . .     Faith    .     A - +0 hat
rPois  .         Spirit   +     m - amulet of guardian spirit
rElec  .         Dismiss  .     w - ring of wizardry
rCorr  .         Reflect  .     x - ring of protection from magic
SustAt .         Harm     .     r - ring of positive energy
MR     +....                    (no ring)
Stlth  ++++++++++               (no ring)
                                (no ring)
                                (no ring)
                                (no ring)

@: wreathed by umbra, somewhat resistant to hostile enchantments, uncannily
stealthy
A: almost no armour, amphibious, 8 rings, constrict 8, camouflage 1, gelatinous
body 1
a: Shadow Step, Renounce Religion


You were on level 1 of the Orcish Mines.
You worshipped Dithmenos.
Dithmenos was most pleased with you.
You were not hungry.

You visited 2 branches of the dungeon, and saw 12 of its levels.

You collected 444 gold pieces.

Notes
Turn   | Place    | Note
--------------------------------------------------------------
     0 | D:1      | SkaryMonk the Octopode Assassin began the quest for the Orb.
     0 | D:1      | Reached XP level 1. HP: 14/14 MP: 1/1
   182 | D:1      | Reached XP level 2. HP: 19/19 MP: 2/2
   931 | D:1      | Reached XP level 3. HP: 21/24 MP: 3/3
  1495 | D:2      | Found a shadowy altar of Dithmenos.
  1503 | D:2      | Became a worshipper of Dithmenos the Shadowed
  1686 | D:2      | Reached XP level 4. HP: 18/29 MP: 4/4
  2061 | D:2      | Found a blossoming altar of Fedhas.
  2128 | D:2      | Reached * piety under Dithmenos
  2206 | D:2      | You fall through a shaft for 2 floors!
  2290 | D:4      | Noticed an angel
  2290 | D:4      | Found a shimmering altar of Xom.
  2292 | D:4      | Found a glowing silver altar of Zin.
  2460 | D:3      | Found a snail-covered altar of Cheibriados.
  2502 | D:3      | Reached skill level 5 in Short Blades
  2502 | D:3      | Reached XP level 5. HP: 34/34 MP: 5/5
  2675 | D:3      | Found an oddly glowing altar of Pakellas.
  3391 | D:3      | Noticed Ijyb
  3405 | D:3      | Killed Ijyb
  3430 | D:3      | Reached XP level 6. HP: 29/39 MP: 6/6
  3601 | D:3      | Found an opulent altar of Gozag.
  3645 | D:3      | Reached ** piety under Dithmenos
  3790 | D:3      | Found an iron altar of Okawaru.
  4028 | D:4      | Noticed Menkaure
  4058 | D:4      | Killed Menkaure
  4058 | D:4      | Reached XP level 7. HP: 42/45 MP: 7/7
  4478 | D:5      | Entered Level 5 of the Dungeon
  4848 | D:5      | Reached XP level 8. HP: 43/50 MP: 2/8
  4985 | D:5      | Found a sparkling altar of Nemelex Xobeh.
  5475 | D:6      | Reached skill level 10 in Short Blades
  5562 | D:6      | Found a glowing golden altar of the Shining One.
  5572 | D:6      | Reached skill level 6 in Stealth
  5842 | D:6      | Reached skill level 7 in Stealth
  6063 | D:7      | Reached skill level 8 in Stealth
  6152 | D:7      | Reached *** piety under Dithmenos
  6174 | D:7      | Reached XP level 9. HP: 24/54 MP: 9/9
  6176 | D:7      | Reached skill level 9 in Stealth
  6182 | D:7      | Noticed a troll
  6422 | D:7      | Noticed a hornet
  6422 | D:7      | a troll changed into a hornet
  6440 | D:7      | Killed a hornet
  6440 | D:7      | Reached skill level 10 in Stealth
  6555 | D:7      | Found a bloodstained altar of Trog.
  6661 | D:6      | Reached skill level 1 in Shields
  7569 | D:7      | Found a staircase to the Ecumenical Temple.
  7936 | D:7      | Found a basalt altar of Yredelemnul.
  8112 | D:8      | Reached skill level 5 in Dodging
  8157 | D:8      | Reached XP level 10. HP: 60/60 MP: 10/10
  8380 | D:8      | Found an oddly glowing altar of Pakellas.
  8692 | D:8      | Noticed Erolcha
  8732 | D:8      | Killed Erolcha
  8943 | D:9      | Reached **** piety under Dithmenos
  9130 | D:9      | Found a sacrificial altar of Ru.
  9544 | D:9      | Found an ancient bone altar of Kikubaaqudgha.
 10247 | D:9      | Found a radiant altar of Vehumet.
 10320 | D:10     | Entered Level 10 of the Dungeon
 10394 | D:10     | Reached skill level 10 in Dodging
 10464 | D:10     | Reached skill level 11 in Stealth
 10464 | D:10     | Reached skill level 1 in Evocations
 10709 | D:10     | Reached XP level 11. HP: 50/64 MP: 12/12
 10735 | D:10     | Found a snail-covered altar of Cheibriados.
 10838 | D:10     | Found a shimmering altar of Xom.
 10853 | D:10     | Found a glowing silver altar of Zin.
 11594 | D:11     | Noticed a brown ugly thing
 11603 | D:11     | Killed a brown ugly thing
 11603 | D:11     | Reached skill level 12 in Stealth
 11999 | D:11     | Noticed Sonja
 12004 | D:11     | Found a staircase to the Lair.
 12017 | D:11     | Killed Sonja
 12114 | D:11     | Reached skill level 5 in Evocations
 12169 | D:11     | Reached skill level 1 in Invocations
 12914 | D:11     | Killed an unseen horror
 13321 | D:11     | Found a staircase to the Orcish Mines.
 13461 | Orc:1    | Entered Level 1 of the Orcish Mines
 13461 | Orc:1    | Noticed an ettin
 13467 | Orc:1    | HP: 3/64 [ettin/dire flail (42)]
 13467 | Orc:1    | Slain by an ettin

Inventory:

Hand Weapons
 a - a +2 dagger of freezing
 b - a +0 blowgun (weapon)
 e - a +2 short sword of venom
 R - a +0 blowgun
 S - a +0 dagger of venom
 T - a cursed +1 dagger of venom
Missiles
 c - 4 poisoned needles
 d - 6 curare-tipped needles (quivered)
Armour
 A - a +0 hat (worn)
 K - a +1 buckler (worn)
Jewellery
 m - an amulet of guardian spirit (around mantle)
 r - a ring of positive energy (on tentacle)
 w - a ring of wizardry (left tentacle)
 x - a ring of protection from magic (right tentacle)
Wands
 y - a wand of acid (0/15)
 F - a wand of polymorph (0/24)
 J - a wand of disintegration (3/24)
 L - a wand of heal wounds (0/9)
 N - a wand of iceblast (8/15)
Scrolls
 i - a scroll of blinking
 j - 8 scrolls of teleportation
 k - 2 scrolls of enchant armour
 p - 3 scrolls of remove curse
Potions
 g - a potion of cancellation
 l - 3 potions of flight
 s - a potion of berserk rage {unknown}
 v - 2 potions of might
 z - a potion of brilliance {unknown}
 B - 2 potions of haste
 C - a potion of heal wounds {unknown}
 D - a potion of magic {unknown}
 E - a potion of lignification {unknown}
 I - a potion of ambrosia {unknown}
 P - a potion of cure mutation {unknown}
 Q - a potion of resistance {unknown}
Books
 H - a book of Callings

   Spells                             Type                      Level
   a - Summon Small Mammal            Summoning                    1
   b - Call Imp                       Summoning                    2
   c - Call Canine Familiar           Summoning                    3
   d - Summon Guardian Golem          Hexes/Summoning              3
   e - Summon Lightning Spire         Summoning/Air                4
   f - Summon Ice Beast               Ice/Summoning                4
Comestibles
 f - 6 bread rations
 h - 5 beef jerkies
 q - a slice of pizza
 t - 7 meat rations
 u - a royal jelly
 O - 21 fruits

Table legend:
 A = Turns spent in this place as a percentage of turns spent in the entire game.
 B = Non-inter-level travel turns spent in this place as a percentage of non-inter-level travel turns spent in the entire game.
 C = Inter-level travel turns spent in this place as a percentage of turns spent in this place.
 D = Turns resting spent in this place as a percentage of non-inter-level travel turns spent in this place.
 E = Turns spent auto-exploring this place as a percentage of non-inter-level travel turns spent in this place.
 F = Non-inter-level travel turns spent in this place divided by the number of levels of this place that you've seen.
                   A       B       C       D       E      F
               +-------+-------+-------+-------+-------+----------------------
         Total | 100.0 | 100.0 |   0.8 |   3.3 |  10.0 | 271.4
       Dungeon |  99.7 |  99.7 |   0.8 |   3.3 |  10.1 | 295.2
  Orcish Mines |   0.3 |   0.3 |   0.0 |   0.0 |   0.0 |  10.0
               +-------+-------+-------+-------+-------+----------------------


   Skills:
 - Level 2.0 Fighting
 - Level 10.0 Short Blades
 + Level 2.3 Throwing
 + Level 10.0 Dodging
 + Level 12.7 Stealth
 - Level 4.2 Shields
 - Level 3.3 Invocations
 + Level 5.1 Evocations


You had 10 spell levels left.
You didn't know any spells.

Dungeon Overview and Level Annotations

Branches:
Dungeon (11/15)            Temple (0/1) D:7            Lair (0/8) D:11
    Orc (1/2) D:11

Altars:
Cheibriados
Dithmenos
Fedhas
Gozag
Kikubaaqudgha
Nemelex Xobeh
Okawaru
Pakellas
Ru
Trog
Vehumet
Xom
Yredelemnul
Zin
The Shining One


Innate Abilities, Weirdness & Mutations

You cannot wear most types of armour.
You are amphibious.
You can wear up to eight rings at the same time.
You can use your tentacles to constrict eight enemies at once.
Your skin changes colour to match your surroundings (Stealth).
Your rubbery body absorbs attacks (AC +1).


Message History

Firing (i - inventory. (,) - cycle):
d - 8 curare-tipped needles (quivered)
Press: ? - help, Shift-Dir - straight line, f/p - ettin
Aim: an ettin, wielding two dire flails (lightly wounded, umbra)
You shoot a curare-tipped needle.
The curare-tipped needle hits the ettin.
The ettin is poisoned.
The ettin convulses.
The ettin seems to slow down.
The ettin is lightly wounded.
Firing (i - inventory. (,) - cycle):
d - 7 curare-tipped needles (quivered)
Press: ? - help, Shift-Dir - straight line, f/p - ettin
Aim: an ettin, wielding two dire flails (lightly wounded, slow, poisoned, umbra)
You shoot a curare-tipped needle.
The curare-tipped needle hits the ettin.
The ettin looks even sicker.
The ettin convulses.
The ettin seems to be slow for longer.
The ettin is moderately wounded.
The ettin hits you with a dire flail!!!
Ouch! That really hurt!
* * * LOW HITPOINT WARNING * * *
You emit a cloud of dark smoke.
The ettin hits you with a dire flail.
You die...

.....##
.......##
........#
........###
#.........##
#.....$..##
##....§...##
#....@§....#
###..C§§...## .
##$......$.##
...#.........##
...........###
.......<..##
..........#
##......###
#.......#


You could see an ettin.

Table legend:
 A = Kills in this place as a percentage of kills in entire the game.
 B = Kills by you in this place as a percentage of kills by you in the entire game.
 C = Kills by friends in this place as a percentage of kills by friends in the entire game.
 D = Other kills in this place as a percentage of other kills in the entire game.
 E = Experience gained in this place as a percentage of experience gained in the entire game.
 F = Experience gained in this place divided by the number of levels of this place that you have seen.
                   A       B       C       D       E      F
               +-------+-------+-------+-------+-------+----------------------
         Total | 100.0 | 100.0 |  -nan | 100.0 | 100.0 | 1212.5
       Dungeon | 100.0 | 100.0 |  -nan | 100.0 | 100.0 | 1322.7
               +-------+-------+-------+-------+-------+----------------------

Vanquished Creatures
  Erolcha (D:8)
  Sonja (D:11)
  An unseen horror (D:11)
  A hornet (D:7)
  An ugly thing (D:11)
  A tengu conjurer (D:10)
  A two-headed ogre (D:9)
  5 yaks (D:9)
  2 wraiths (D:7)
  2 hippogriffs
  Menkaure (D:4)
  An eye of draining (D:5)
  5 orc warriors
  A black bear (D:11)
  3 ice beasts
  2 sky beasts
  A necrophage (D:7)
  4 phantoms
  6 ogres
  3 centaurs
  A big kobold (D:10)
  3 elf zombies (D:7)
  7 giant frogs
  A wyvern zombie (D:9)
  3 scorpions
  5 killer bees (D:10)
  10 wights
  An electric eel (D:11)
  7 howler monkeys
  4 crimson imps
  4 hounds
  7 orc priests
  A giant frog skeleton (D:11)
  4 human zombies (D:7)
  2 jellies
  11 orc wizards
  Ijyb (D:3)
  A centaur skeleton (D:11)
  A human skeleton (D:7)
  6 iguanas
  5 worker ants
  2 hound skeletons
  2 mummies (D:7)
  2 howler monkey zombies
  10 adders
  A shadow imp (D:6)
  2 oozes (D:4)
  2 adder zombies
  3 worms
  14 dart slugs
  4 giant geckos
  37 orcs
  3 ball pythons
  7 bats
  2 giant cockroaches
  10 goblins
  7 hobgoblins
  17 jackals
  3 quokkas
  5 giant newts
  A jackal zombie (D:6)
  14 kobolds
  A quokka skeleton (D:8)
  A quokka zombie (D:5)
  8 rats
286 creatures vanquished.

Vanquished Creatures (others)
  2 giant frogs (D:10)
  A scorpion (D:10)
  2 howler monkeys
  A jelly (D:7)
  A hound (D:10)
  A giant gecko (D:7)
  An orc (D:10)
9 creatures vanquished.

Grand Total: 295 creatures vanquished

Action                   |  1- 3 |  4- 6 |  7- 9 | 10-12 || total
-------------------------+-------+-------+-------+-------++-------
Melee: Dagger            |    61 |   139 |   285 |   156 ||   641
       Constrict         |    17 |    32 |    39 |    43 ||   131
       Tentacles         |     7 |    27 |    62 |    91 ||   187
       Short sword       |       |       |     7 |   206 ||   213
 Fire: Blowgun           |       |    10 |       |    16 ||    26
Invok: Shadow Step       |       |     1 |       |     8 ||     9
Evoke: Wand              |       |       |    11 |     5 ||    16
  Use: Scroll            |     4 |     1 |     4 |    16 ||    25
       Potion            |       |     1 |     4 |     4 ||     9
 Stab: Sleeping          |    14 |    18 |    29 |    33 ||    94
       Distracted        |       |       |     2 |     2 ||     4
       Invisible         |       |       |       |     5 ||     5
  Eat: Chunk             |     2 |     8 |    13 |    13 ||    36
       Pizza             |       |       |       |     2 ||     2
Armor: Skin              |     3 |     4 |     6 |     5 ||    18
Dodge: Dodged            |    20 |    64 |   114 |   160 ||   358
Block: Buckler           |       |       |    11 |    52 ||    63

Vault maps used:
D:1:      elethiomel_arrival_shortcut, minmay_misc_feat_secret_circle
D:2:      nicolae_dithmenos_shadow_blocks, fedhas_altar_2
D:3:      kennysheep_slugbush, lemuel_coloured_pillars_altar,
          nicolae_gozag_cash_rules_everything_around_me, kennysheep_slug_shrine,
          grunt_pakellas_basics, uniq_iyjb
D:4:      grunt_temple_overflow_order_and_chaos_1, uniq_menkaure
D:5:      nemelex_deck, first_bread, minmay_crossroads
D:6:      lemuel_doored_altar
D:7:      lemuel_mausoleum_altar_yredelemnul, old_standard_altar,
          minmay_temple_entry_glassed_door, enter_bailey_3
D:8:      nicolae_overflow_crystal_walls, uniq_erolcha
D:9:      overflow_temple_1_default, overflow_temple_1_default, basic_altar
D:10:     grunt_tengu_nest, hangedman_feature_mirror, xom_confusion_cloud
D:11:     lair_0_dummy, erik_orc_2, uniq_sonja
Orc:1:    serial_shops, nicolae_shop_window_shopping, mines2_lemuel
